 Dungeon Sprint DCSS version 0.22-a0-392-g5dc3fd9af9 (webtiles) character file.

8064 Cashmere the Impaler (level 11, -1/110 HPs)
             Began as a Centaur Berserker on May 1, 2018.
             Was the Champion of Trog.
             Slain by a death yak (15 damage)
             ... in the Dungeon (Sprint IX: "|||||||||||||||||||||||||||||").
             The game lasted 00:01:44 (836 turns).

Cashmere the Impaler (Centaur Berserker)             Turns: 836, Time: 00:01:45

Health: -1/110     AC: 12    Str: 21    XL:     11   Next: 5%
Magic:  11/11      EV: 10    Int: 11    God:    Trog [******]
Gold:   25         SH:  0    Dex:  9    Spells: 10/10 levels left

rFire    . . .     SeeInvis .   w - +4 bardiche (freeze)
rCold    . . .     Gourm    .   (shield currently unavailable)
rNeg     . . .     Faith    .   p - +1 chain mail
rPois    .         Spirit   .   (no helmet)
rElec    .         Reflect  .   o - +0 cloak
rCorr    .         Harm     .   n - +0 pair of gloves
MR       .....     NoTele   +   (no barding)
Stlth    ..........             (no amulet)
HPRegen  0.28/turn              r - +2 ring of evasion
MPRegen  0.12/turn              q - +3 ring of intelligence

@: berserk cooldown, slowed
A: large, hooves 3, clever 1, clumsy 1, deformed body, speed 2, screaming 1,
tough skin 3
a: Berserk, Trog's Hand, Brothers in Arms, Renounce Religion


You were in the Dungeon.
You worshipped Trog.
Trog was exalted by your worship.
You were very hungry.

You visited 1 branch You collected 25 gold pieces.

Inventory:

Hand Weapons
 b - a +4 trident of venom
 m - a +2 halberd of protection
 w - a +4 bardiche of freezing (weapon)
Armour
 n - a +0 pair of gloves (worn)
 o - a +0 cloak (worn)
 p - a +1 chain mail (worn)
Jewellery
 q - a +3 ring of intelligence (right hand)
 r - a +2 ring of evasion (left hand)
Wands
 l - a wand of iceblast (10)
Scrolls
 a - 2 scrolls of fog
 i - 2 scrolls of blinking
 k - 3 scrolls of remove curse
 t - 3 scrolls of enchant weapon
 u - 2 scrolls of fear
Potions
 d - 6 potions of curing
 e - 7 potions of heal wounds
 f - a potion of haste
 g - 4 potions of magic
 h - a potion of berserk rage
 j - a potion of invisibility
 s - a potion of might
Comestibles
 c - a ration
 v - 8 chunks of flesh


   Skills:
 + Level 14.1 Fighting
 + Level 17.7 Polearms
 + Level 6.2 Armour
 + Level 5.9 Dodging


You had 10 spell levels left.
You didn't know any spells.

Dungeon Overview and Level Annotations

Branches:
Dungeon (1/1)

Altars:
Cheibriados
Dithmenos
Elyvilon
Fedhas
Gozag
Hepliaklqana
Kikubaaqudgha
Makhleb
Nemelex Xobeh
Okawaru
Qazlal
Ru
Sif Muna
Trog
Uskayaw
Vehumet
Wu Jian
Xom
Yredelemnul
Zin
The Shining One
Beogh
Jiyva
Lugonu


Innate Abilities, Weirdness & Mutations

You have hooves in place of feet.
Armour fits poorly on your strangely shaped body.
You cover ground very quickly.
You have extremely tough skin. (AC +3)
Your mind is acute. (Int +2)
You are clumsy. (Dex -2)
You occasionally shout uncontrollably at your foes.


Message History

You have reached level 11!
You are engulfed in calcifying dust.
Your limbs have turned to stone.
The death yak gores you!
You have turned to stone.
You are engulfed in calcifying dust.
The death yak gores you but does no damage.
The death yak gores you but does no damage.
The death yak gores you! The death yak gores you. The death yak gores you!
The death yak gores you!
You turn to flesh and can move again.
You hit the death yak but do no damage. The death yak gores you!
* * * LOW HITPOINT WARNING * * *
The death yak gores you!
* * * LOW HITPOINT WARNING * * *
Unknown command.
You slice the death yak!! You freeze the death yak. You kick the death yak.
The death yak is heavily wounded.
The death yak gores you!
You die...

▓▓▓▓▓▓▓▓▓▓▓▓▓▓▓▓▓▓▓▓▓▓▓▓▓▓▓▓▓▓▓▓▓
(.....)'[....)|?.'_______________
▓▓▓▓▓▓▓▓▓▓▓▓▓▓▓▓▓▓▓▓▓▓▓▓▓▓▓▓▓▓▓▓▓
.................................
▓▓▓▓▓▓▓▓▓▓▓▓▓▓▓▓▓▓▓▓▓▓▓▓▓▓▓▓▓▓▓▓▓
.....YY@†.......†)'.....
▓▓▓▓▓▓▓▓▓▓▓▓▓▓▓▓▓▓▓▓▓▓▓▓


You could see a death yak and a yak.

Vanquished Creatures
  A catoblepas (D)
  A two-headed ogre (D)
  4 death yaks (D)
  A cyclops (D)
  An elephant (D)
  2 spiny frogs (D)
  A komodo dragon (D)
  A troll (D)
  4 hippogriffs (D)
  3 yaks (D)
  A wraith (D)
  A vampire mosquito (D)
  A water moccasin (D)
  5 porcupines (D)
  An ice beast (D)
  A phantom (D)
  3 crocodiles (D)
  2 bullfrogs (D)
  2 iguanas (D)
  An adder (D)
  An adder zombie (D)
  A dart slug (D)
  2 orcs (D)
  A bat skeleton (D)
  2 hobgoblins (D)
  A jackal (D)
  A rat (D)
46 creatures vanquished.

Notes
Turn   | Place    | Note
-------+----------+-------------------------------------------
     0 | D        | Cashmere the Centaur Berserker began the quest for the Orb.
     0 | D        | Reached XP level 1. HP: 19/19 MP: 1/1
     6 | D        | Reached skill level 3 in Polearms
    17 | D        | Reached ** piety under Trog
    19 | D        | Reached skill level 4 in Polearms
    59 | D        | Noticed an ice beast
    59 | D        | Noticed an iguana
    63 | D        | Killed an iguana
    63 | D        | Reached skill level 6 in Polearms
    63 | D        | Reached XP level 2. HP: 13/26 MP: 2/2
    63 | D        | Reached XP level 3. HP: 15/31 MP: 3/3
    65 | D        | Killed an ice beast
    65 | D        | Reached *** piety under Trog
    65 | D        | Reached skill level 9 in Polearms
    65 | D        | Reached XP level 4. HP: 19/38 MP: 4/4
    72 | D        | Reached XP level 5. HP: 22/45 MP: 5/5
   262 | D        | Found a roughly hewn altar of Beogh.
   262 | D        | Found a snail-covered altar of Cheibriados.
   262 | D        | Found a shadowy altar of Dithmenos.
   262 | D        | Found a white marble altar of Elyvilon.
   262 | D        | Found a blossoming altar of Fedhas.
   262 | D        | Found an opulent altar of Gozag.
   263 | D        | Found a hazy altar of Hepliaklqana.
   264 | D        | Found a viscous altar of Jiyva.
   265 | D        | Found an ancient bone altar of Kikubaaqudgha.
   266 | D        | Found a corrupted altar of Lugonu.
   267 | D        | Found a burning altar of Makhleb.
   268 | D        | Found a sparkling altar of Nemelex Xobeh.
   269 | D        | Found an iron altar of Okawaru.
   270 | D        | Found a stormy altar of Qazlal.
   271 | D        | Found a sacrificial altar of Ru.
   272 | D        | Found a deep blue altar of Sif Muna.
   273 | D        | Found a bloodstained altar of Trog.
   274 | D        | Found a hide-covered altar of Uskayaw.
   275 | D        | Found a radiant altar of Vehumet.
   276 | D        | Found an ornate altar of the Wu Jian Council.
   277 | D        | Found a shimmering altar of Xom.
   278 | D        | Found a basalt altar of Yredelemnul.
   279 | D        | Found a glowing silver altar of Zin.
   280 | D        | Found a glowing golden altar of the Shining One.
   333 | D        | Noticed a two-headed ogre
   333 | D        | Noticed a hippogriff
   333 | D        | Noticed a hippogriff
   333 | D        | Noticed a water moccasin
   335 | D        | Killed a water moccasin
   335 | D        | Reached **** piety under Trog
   335 | D        | Reached skill level 10 in Polearms
   336 | D        | Reached skill level 5 in Fighting
   338 | D        | Killed a hippogriff
   338 | D        | Reached skill level 11 in Polearms
   338 | D        | Reached XP level 6. HP: 58/58 MP: 6/6
   339 | D        | Killed a hippogriff
   339 | D        | Reached XP level 7. HP: 66/66 MP: 7/7
   343 | D        | Killed a two-headed ogre
   343 | D        | Reached skill level 13 in Polearms
   343 | D        | Reached XP level 8. HP: 78/78 MP: 8/8
   347 | D        | Reached ***** piety under Trog
   438 | D        | Noticed a troll
   438 | D        | Noticed a cyclops
   441 | D        | Killed a cyclops
   441 | D        | Reached skill level 10 in Fighting
   448 | D        | Reached skill level 14 in Polearms
   450 | D        | Killed a troll
   450 | D        | Reached XP level 9. HP: 86/86 MP: 9/9
   452 | D        | Received a gift from Trog
   589 | D        | Gained mutation: You are clumsy. (Dex -2) [potion of mutation]
   589 | D        | Gained mutation: You occasionally shout uncontrollably at your foes. [potion of mutation]
   589 | D        | Gained mutation: Your mind is acute. (Int +2) [potion of mutation]
   606 | D        | Noticed a komodo dragon
   616 | D        | Noticed a spiny frog
   620 | D        | Killed a komodo dragon
   620 | D        | Reached skill level 15 in Polearms
   626 | D        | Reached skill level 5 in Dodging
   630 | D        | Killed a spiny frog
   632 | D        | Reached ****** piety under Trog
   719 | D        | Noticed a spiny frog
   724 | D        | Received a gift from Trog
   725 | D        | Noticed an elephant
   729 | D        | Reached skill level 5 in Armour
   729 | D        | Reached XP level 10. HP: 99/99 MP: 10/10
   733 | D        | Killed a spiny frog
   733 | D        | Reached skill level 16 in Polearms
   743 | D        | Killed an elephant
   748 | D        | Received a gift from Trog
   796 | D        | Noticed a catoblepas
   796 | D        | Noticed a death yak
   796 | D        | Noticed a death yak
   796 | D        | Noticed a death yak
   796 | D        | Noticed a death yak
   801 | D        | Killed a death yak
   804 | D        | Killed a death yak
   805 | D        | Noticed a death yak
   807 | D        | Killed a death yak
   807 | D        | Reached skill level 17 in Polearms
   811 | D        | Killed a death yak
   828 | D        | Killed a catoblepas
   828 | D        | Received a gift from Trog
   828 | D        | Reached XP level 11. HP: 58/110 MP: 11/11
   836 | D        | Slain by a death yak

Vault maps used:
D:        linesprint

Skill      XL: |  1  2  3  4  5  6  7  8  9 10 |
---------------+-------------------------------+-----
Polearms       | 6 9 11 13 14 15 17 | 17.7
Fighting       | 6 7 9 10 12 14 | 14.1
Armour         | 2 3 4 5 6 |  6.2
Dodging        | 2 3 4 5 |  5.9

Action                   |  1- 3 |  4- 6 |  7- 9 | 10-12 || total
-------------------------+-------+-------+-------+-------++-------
Melee: Spear             |    24 |     6 |       |       ||    30
       Kick              |     4 |     1 |    14 |    13 ||    32
       Halberd           |       |     5 |    21 |       ||    26
       Trident           |       |       |    31 |    17 ||    48
       Bardiche          |       |       |       |    22 ||    22
Invok: Berserk           |     1 |     1 |     3 |     1 ||     6
  Use: Potion            |       |       |     1 |       ||     1
  Eat: Chunk             |       |       |     3 |     1 ||     4
Armor: Animal skin       |     4 |       |       |       ||     4
       Chain mail        |       |       |     4 |    11 ||    15
Dodge: Dodged            |     8 |     2 |     7 |     4 ||    21

Table legend:
 A = Spawn XP
 B = Non-spawn XP
 C = Spawn XP percentage of total XP
 D = Spawn monster count
 E = Non-spawn monster count
 F = Spawn count percentage of total count
 G = Total turns spent on level
                    A         B        C        D         E        F      G
               +---------+---------+-------+---------+---------+-------+---------
         Total |       0 |   11520 |   0.0 |       0 |      46 |   0.0 |   836
               +---------+---------+-------+---------+---------+-------+---------
             D |       0 |   11520 |   0.0 |       0 |      46 |   0.0 |   836
               +---------+---------+-------+---------+---------+-------+---------
